 Dungeon Crawl Stone Soup version 0.20-a0-550-gf70bbbc (webtiles) character file.

4111 ololoev the Slasher (level 10, -18/76 HPs)
             Began as a Mummy Fire Elementalist on Feb 2, 2017.
             Was a Believer of Yredelemnul.
             Killed from afar by an orc zombie (60 damage)
             ... with an exploding inner flame
             ... animated by the player character
             ... hexed by the player character
             ... on level 8 of the Dungeon.
             The game lasted 00:29:24 (10453 turns).

ololoev the Slasher (Mummy Fire Elementalist)      Turns: 10453, Time: 00:29:25

Health: -18/76     AC: 11    Str: 14    XL:     10   Next: 6%
Magic:  12/18      EV: 11    Int: 15    God:    Yredelemnul [**....]
Gold:   407        SH:  0    Dex: 13    Spells: 16/19 levels left

rFire    x . .     SeeInvis .   j - +3 falchion (vamp)
rCold    + . .     Gourm    .   d - +0 ring mail
rNeg     + + +     Faith    .   (no shield)
rPois    ∞         Spirit   .   (no helmet)
rElec    .         Reflect  .   (no cloak)
rCorr    .         Harm     .   e - +1 pair of gloves
MR       +....                  (no boots)
Stlth    +.........             (no amulet)
Regen    0.3/turn               k - +3 ring of protection
                                (no ring)

@: no status effects
A: no food or potions, fire vulnerability, cold resistance 1, negative energy
resistance 3, torment resistance, unbreathing
a: Animate Remains, Recall Undead Slaves, Injury Mirror, Renounce Religion


Innate Abilities, Weirdness & Mutations

You do not eat or drink.
Your flesh is vulnerable to fire.
You are immune to poison.
Your flesh is cold resistant. (rC+)
You are immune to negative energy. (rN+++)
You are immune to unholy pain and torment.
You can survive without breathing.

Inventory:

Hand Weapons
 j - a +3 vampiric falchion (weapon)
Missiles
 o - a throwing net (quivered)
Armour
 d - a +0 ring mail (worn)
 e - a +1 pair of gloves (worn)
 l - the cursed +0 shield of the Five of Swords {*Corrode rPois rF+++ MR+, unknown}
   (You found it on level 7 of the Dungeon)

   It renders you almost immune to fire.
   It protects you from poison.
   It affects your resistance to hostile enchantments.
   It may corrode you when you take damage.
   It has a curse placed upon it.
Jewellery
 k - a +3 ring of protection (right hand)
Scrolls
 a - 3 scrolls of teleportation
 b - a scroll of blinking
 c - 2 scrolls of fog
 f - 4 scrolls of recharging
 g - 3 scrolls of remove curse
 n - 2 scrolls of fear


   Skills:
 + Level 6.1 Fighting
 * Level 6.5 Long Blades
 + Level 5.0 Armour
 + Level 1.8 Dodging
 - Level 1.5 Stealth
 - Level 5.3 Spellcasting
   Level 0.7 Conjurations
 - Level 4.3 Hexes
 - Level 4.0 Fire Magic
 + Level 3.1 Invocations


You had 16 spell levels left.
You knew the following spells:

 Your Spells              Type           Power        Failure   Level  Hunger
a - Inner Flame           Hex/Fire       ###.....     17%         3    N/A


You were on level 8 of the Dungeon.
You worshipped Yredelemnul.
Yredelemnul was pleased with you.
You were not hungry.

You visited 2 branches of the dungeon, and saw 9 of its levels.
You also visited: Sewer.

You collected 407 gold pieces.

#.#.#####'######.# .#
...........# #.##.#
#..........# #.#..# .#
#..(.......# #.#..##.#
....######.# #.#.....#
##########.#####.#.##.#
...............>..#
#######.####.#..###
...........#@#O.#
########.#.#§#..#####
..........§§o........
######....#..........
.'....#..........
##....#........%.
#...)#..........
#...............
####............

Notes
Turn   | Place    | Note
-------+----------+-------------------------------------------
     0 | D:1      | ololoev the Mummy Fire Elementalist began the quest for the Orb.
     0 | D:1      | Reached XP level 1. HP: 13/13 MP: 4/4
   254 | D:1      | Reached skill level 1 in Fighting
   470 | D:1      | Reached XP level 2. HP: 21/21 MP: 3/5
   539 | D:1      | Reached skill level 1 in Armour
  1517 | D:2      | Reached XP level 3. HP: 19/26 MP: 7/7
  1936 | D:2      | Learned a level 3 spell: Inner Flame
  1977 | D:2      | Reached skill level 1 in Long Blades
  2009 | D:3      | Noticed a scorpion
  2023 | D:3      | Killed a scorpion
  2023 | D:3      | Reached XP level 4. HP: 22/33 MP: 8/8
  2125 | D:3      | Reached XP level 5. HP: 27/39 MP: 9/9
  2302 | D:3      | Found an iron altar of Okawaru.
  2558 | D:4      | Found a snail-covered altar of Cheibriados.
  2577 | D:4      | Noticed Sigmund
  2697 | D:4      | Reached XP level 6. HP: 16/47 MP: 10/10
  2932 | D:4      | Found a glowing drain.
  2964 | Sewer    | Entered a sewer
  3205 | Sewer    | Reached XP level 7. HP: 50/53 MP: 11/11
  3688 | D:4      | Found a sparkling altar of Nemelex Xobeh.
  3923 | D:5      | Entered Level 5 of the Dungeon
  4070 | D:5      | Found a staircase to the Ecumenical Temple.
  4076 | Temple   | Entered the Ecumenical Temple
  4246 | Temple   | Became a worshipper of Yredelemnul the Dark
  4356 | D:5      | Found Zeofuemp's Book Shop.
  4757 | D:5      | Reached skill level 1 in Hexes
  4776 | D:5      | Reached XP level 8. HP: 60/61 MP: 12/12
  4901 | D:4      | Noticed Blork the orc
  4931 | D:5      | HP: 2/61 [ogre/giant spiked club (17)]
  5297 | D:5      | Reached skill level 1 in Invocations
  5682 | D:6      | Reached skill level 5 in Long Blades
  5694 | D:6      | Reached skill level 5 in Fighting
  5734 | D:6      | Found a bloodstained altar of Trog.
  6201 | D:6      | Reached * piety under Yredelemnul
  6479 | D:6      | Reached XP level 9. HP: 60/68 MP: 15/15
  6563 | D:6      | Found a blossoming altar of Fedhas.
  7294 | D:5      | Iwannabefree: робу вынеса нашел, 24 ас в ней
  7294 | D:5      | Iwannabefree: хуй знает стоит ли она того
  7294 | D:5      | ololoev: на ней же ноудевайсхил?
  7338 | D:5      | Iwannabefree: да
  7340 | D:4      | Iwannabefree: плюс я нага без ев
  7340 | D:4      | ololoev: dumau ne stoit
  7768 | D:4      | Killed Blork the orc
  7976 | D:4      | Your ally Blork died
  7976 | D:4      | Killed Sigmund
  8056 | D:4      | Noticed Rhoefr's ghost (amateur NaFi)
  8073 | D:4      | Your ally Sigmund died
  8073 | D:4      | Killed Rhoefr's ghost
  8159 | D:4      | Noticed Menkaure
  8474 | D:4      | Reached skill level 5 in Spellcasting
  8488 | D:4      | Killed Menkaure
  8792 | D:7      | Reached ** piety under Yredelemnul
  8843 | D:7      | Found a burning altar of Makhleb.
  8908 | D:7      | Got a heavily runed shield
 10080 | D:7      | Reached XP level 10. HP: 76/76 MP: 14/18
 10093 | D:7      | Reached skill level 5 in Armour
 10453 | D:8      | Killed from afar by an orc zombie

Dungeon Overview and Level Annotations

Branches:
Dungeon (8/15)             Temple (1/1) D:5
   Lair: D:8-11

Altars:
Ashenzari
Cheibriados
Dithmenos
Elyvilon
Fedhas
Gozag
Hepliaklqana
Kikubaaqudgha
Makhleb
Nemelex Xobeh
Okawaru
Qazlal
Ru
Sif Muna
Trog
Vehumet
Xom
Yredelemnul
Zin
The Shining One

Shops:
D:5 :


Message History

Aiming: Inner Flame
Press: ? - help, Shift-Dir - straight line, f/p - orc zombie
Aim: an orc zombie (friendly, chance to defeat MR: 84%)
Your orc zombie barely resists.
The orc warrior hits you with a war axe!
You see here a club.
You barely miss the orc.
Casting: Inner Flame
Confirm with . or Enter, or press ? or * to list all spells.
Aiming: Inner Flame
Press: ? - help, Shift-Dir - straight line, f/p - orc zombie
Aim: an orc zombie (friendly, chance to defeat MR: 84%)
Your orc zombie is filled with an inner flame.
The orc warrior barely misses you.
The orc hits your orc zombie with a dagger.
Your orc zombie hits the orc.
The orc hits your orc zombie with a dagger.
Your orc zombie hits the orc.
The orc dies!
Yredelemnul accepts your kill.
You closely miss the orc warrior.
Your orc zombie misses the orc warrior.
Your orc zombie hits the orc but does no damage.
You hear the brisk hiss of a very distant avalanche of sand.
You swap places.
The orc hits your orc zombie with a falchion.
Your orc zombie explodes!
The fiery explosion engulfs you! The fire burns you terribly!
The fiery explosion engulfs the orc.
You kill the orc!
Yredelemnul accepts your kill.
You hear a shout!
You hear two shouts!
Things that are here:
a dagger; an orc corpse Use which ability? (? or * to list)
You attempt to give life to the dead...
The dead are walking!
Casting: Inner Flame
Confirm with . or Enter, or press ? or * to list all spells.
You don't know that spell.
Casting: Inner Flame
Confirm with . or Enter, or press ? or * to list all spells.
Aiming: Inner Flame
Press: ? - help, Shift-Dir - straight line, f - orc zombie
Aim: an orc zombie, wielding a dagger (friendly, chance to defeat MR: 84%)
Your orc zombie is filled with an inner flame.
Your orc zombie hits the orc warrior but does no damage.
The orc warrior hits you with a war axe.
The orc warrior hits your orc zombie but does no damage.
Your orc zombie hits the orc warrior but does no damage.
Found a bread ration.
You see here a club.
Your orc zombie barely misses the orc warrior.
Your orc zombie hits the orc warrior with a dagger.
You see here a club.
You hear the brisk hiss of a very distant avalanche of sand.
Your orc zombie's inner flame fades away.
You see here a club.
Casting: Inner Flame
Confirm with . or Enter, or press ? or * to list all spells.
Aiming: Inner Flame
Press: ? - help, Shift-Dir - straight line, f/p - orc zombie
Aim: an orc zombie, wielding a dagger (friendly, chance to defeat MR: 84%)
Your orc zombie barely resists.
The orc warrior hits you with a war axe!
An ogre comes into view. It is wielding a giant club.
You see here a club.
Casting: Inner Flame
Confirm with . or Enter, or press ? or * to list all spells.
Aiming: Inner Flame
Press: ? - help, Shift-Dir - straight line, f/p - orc zombie
Aim: an orc zombie, wielding a dagger (friendly, chance to defeat MR: 84%)
Your orc zombie is filled with an inner flame.
The orc warrior hits you with a war axe.
You swap places.
Your orc zombie hits the orc warrior but does no damage.
The orc warrior hits your orc zombie with a war axe!
Your orc zombie explodes!
The fiery explosion engulfs you! The fire burns you terribly!
Ouch! That really hurt!
You die...
Yredelemnul claims you as an undead slave.

You could see an orc warrior.

Vanquished Creatures
  The ghost of Rhoefr the Poker, an amateur NaFi of Hepliaklqana (D:4)
  A spriggan (D:7)
  Sigmund (D:4)
  A water moccasin (D:6)
  An orc warrior (D:6)
  An ice beast (D:5)
  2 sky beasts (D:6)
  A black bear (D:6)
  5 centaurs
  4 ogres
  5 big kobolds (Sewer)
  3 bullfrogs
  Blork the orc (D:4)
  5 scorpions
  A water moccasin skeleton (D:6)
  A bullfrog zombie (D:8)
  4 hounds
  2 jellies
  2 orc wizards
  2 bullfrog skeletons
  4 orc priests
  4 iguanas (D:4)
  4 worker ants
  A hound zombie (D:5)
  A howler monkey zombie (D:6)
  A worker ant zombie (D:7)
  7 gnolls
  15 adders
  A river rat (Sewer)
  A shadow imp (D:5)
  6 oozes
  An adder zombie (D:8)
  7 worms
  A dart slug (D:2)
  7 leopard geckos
  24 orcs
  5 ball pythons
  9 giant cockroaches
  6 goblins
  3 hobgoblins
  6 jackals
  5 quokkas
  6 bats
  3 frilled lizards
  A jackal skeleton (D:4)
  12 kobolds
  9 rats
194 creatures vanquished.

Vanquished Creatures (collateral kills)
  A hippogriff (D:7)
  Menkaure (D:4)
  A water moccasin (D:6)
  An ogre (D:6)
  A necrophage (D:6)
  A howler monkey (D:7)
  An iguana (D:4)
  A leopard gecko (D:6)
  2 orcs
10 creatures vanquished.

Vanquished Creatures (others)
  A centaur zombie (D:6)
  A howler monkey zombie (D:7)
  2 scorpion zombies
  A human zombie (D:4)
  A gnoll zombie (D:4)
  2 jackal zombies (D:7)
  2 leopard gecko zombies
  6 orc zombies
16 creatures vanquished.

Grand Total: 220 creatures vanquished

Action                   |  1- 3 |  4- 6 |  7- 9 | 10-12 || total
-------------------------+-------+-------+-------+-------++-------
Melee: Dagger            |    30 |       |       |       ||    30
       Falchion          |    54 |   275 |   708 |    29 ||  1066
 Cast: Flame Tongue      |    33 |       |       |       ||    33
       Inner Flame       |       |       |     8 |     6 ||    14
Invok: Animate Remains   |       |       |    21 |     3 ||    24
  Use: Scroll            |       |     7 |     2 |     5 ||    14
 Stab: Sleeping          |     2 |       |       |       ||     2
Armor: Robe              |    18 |       |       |       ||    18
       Ring mail         |    17 |    18 |   190 |    13 ||   238
       Chain mail        |       |   174 |   181 |       ||   355
Dodge: Dodged            |    66 |    96 |   326 |    22 ||   510
       Rpst.: Falchion   |    11 |    32 |   111 |     5 ||   159

Vault maps used:
D:1:      dpeg_arrival_long_road, serial_park_tiny_2, nrook_loot_triangle,
          minmay_surrounded
D:2:      minmay_tetromino_l4
D:3:      first_bread, okawaru_ov_weapons_minmay
D:4:      cheibriados_altar_1, old_standard_altar, gup_sewer_entry_pipe,
          minmay_misc_feat_tiny, uniq_menkaure, uniq_sigmund, uniq_blork_the_orc
D:5:      temple_green, serial_shops, shop
D:6:      hangedman_feature_mirror
D:7:      lemuel_round_altar, the_bakery
D:8:      dancing_weapons_uskayaw, kennysheep_mini_moat, enter_ossuary_3
Temple:   eino_temple_rhombus
Sewer:    sewer_co_tree
